MAA
SEATTLE TERNS @ GLENBURN BABOONS
08/23/2017
 
TOP OF THE 1ST
Seattle Terns batting - Pitching for Glenburn Baboons : RHP Alonso Rodríguez
Pitching: RHP Alonso Rodríguez
Batting: RHB John Huff 0-0: Ball
1-0: Called Strike
1-1: Ball
2-1: Foul Ball, location: 2F
2-2: Ball
3-2: Strikes out looking
Batting: RHB Hank Kenney 0-0: Called Strike
0-1: Ground out 6-3 (Groundball, 56)
Batting: RHB Edwin McClung 0-0: Ball
1-0: Swinging Strike
1-1: Ball
2-1: DOUBLE (Line Drive, 9LS)
Batting: RHB Darren Tomlinson 0-0: Ball
1-0: Ball
2-0: Called Strike
2-1: Swinging Strike
2-2: Strikes out swinging
Top of the 1st over - 0 run(s), 1 hit(s), 0 error(s), 1 left on base; Seattle 0 - Glenburn 0
BOTTOM OF THE 1ST
Glenburn Baboons batting - Pitching for Seattle Terns : RHP Jim Unknown
Pitching: RHP Jim Unknown
Batting: RHB Jim Unknown 0-0: Fly out, F8 (Flyball, 8RM)
Batting: RHB Edgar García 0-0: Swinging Strike
0-1: Ball
1-1: Swinging Strike
1-2: Foul Ball, location: 2F
1-2: Ball
2-2: Foul Ball, location: 2F
2-2: Ball
3-2: Foul Ball, location: 2F
3-2: Foul Ball, location: 2F
3-2: Foul Ball, location: 2F
3-2: Foul Ball, location: 2F
3-2: Base on Balls
Batting: LHB Jim Vaughan 0-0: Called Strike
0-1: Ball
1-1: Ball
2-1: Fly out, F6 (Popup, 6D)
Batting: RHB Ingo van Ham 0-0: Foul Ball, location: 2F
0-1: Ball
1-1: Foul Ball, location: 2F
1-2: Foul Ball, location: 2F
1-2: Ball
2-2: Ball
3-2: Base on Balls
Edgar García to second
Batting: RHB Vernon Caw 0-0: Called Strike
0-1: Called Strike
0-2: SINGLE (Groundball, 4MD)
Edgar García to third
Ingo van Ham to second
Runner from 3rd tries for Home, SAFE, no throw or cutoff
Batting: RHB Abdurahman Paloka 0-0: Ball
1-0: Fly out, F7 (Flyball, 7M)
Bottom of the 1st over - 1 run(s), 1 hit(s), 0 error(s), 2 left on base; Seattle 0 - Glenburn 1
TOP OF THE 2ND
Seattle Terns batting - Pitching for Glenburn Baboons : RHP Alonso Rodríguez
Batting: SHB Bruce Hunt 0-0: Ground out 6-3 (Groundball, 6M)
Batting: RHB David Ramírez 0-0: SINGLE (Line Drive, 7S)
Batting: SHB Michael Smith 0-0: Foul Ball, location: 2F
0-1: Ball
1-1: Ball
2-1: 2-RUN HOME RUN (Flyball, 7LD), Distance : 370 ft
Batting: RHB Don McCord 0-0: Fly out, F4 (Popup, 4)
Batting: RHB Jack Glenn 0-0: Ball
1-0: Called Strike
1-1: Swinging Strike
1-2: Ball
2-2: Strikes out looking
Top of the 2nd over - 2 run(s), 2 hit(s), 0 error(s), 0 left on base; Seattle 2 - Glenburn 1
BOTTOM OF THE 2ND
Glenburn Baboons batting - Pitching for Seattle Terns : RHP Jim Unknown
Batting: SHB Fernand Cicarelli 0-0: Foul Ball, location: 2F
0-1: Called Strike
0-2: Strikes out swinging
Batting: RHB Isaac Downey 0-0: Ball
1-0: Fly out, F9 (Line Drive, 89M)
Batting: RHB Victor Eveson 0-0: Fly out, F4 (Popup, 34)
Bottom of the 2nd over - 0 run(s), 0 hit(s), 0 error(s), 0 left on base; Seattle 2 - Glenburn 1
TOP OF THE 3RD
Seattle Terns batting - Pitching for Glenburn Baboons : RHP Alonso Rodríguez
Batting: RHB John Huff 0-0: Called Strike
0-1: Swinging Strike
0-2: Strikes out swinging
Batting: RHB Hank Kenney 0-0: Ball
1-0: Ball
2-0: Foul Ball, location: 2F
2-1: Swinging Strike
2-2: Strikes out swinging
Batting: RHB Edwin McClung 0-0: Ball
1-0: Ball
2-0: DOUBLE (Line Drive, 5L)
Batting: RHB Darren Tomlinson 0-0: Called Strike
0-1: Ground out 4-3 (Groundball, 4M)
Top of the 3rd over - 0 run(s), 1 hit(s), 0 error(s), 1 left on base; Seattle 2 - Glenburn 1
BOTTOM OF THE 3RD
Glenburn Baboons batting - Pitching for Seattle Terns : RHP Jim Unknown
Batting: RHB Jim Unknown 0-0: Called Strike
0-1: TRIPLE (Flyball, 78XD)
Batting: RHB Edgar García 0-0: Called Strike
0-1: Ball
1-1: Hit by Pitch
Batting: LHB Jim Vaughan 0-0: Ball
1-0: Ball
2-0: Foul Ball, location: 2F
2-1: Ball
3-1: Fly out, F7 (Popup, 7S)
Batting: RHB Ingo van Ham 0-0: Called Strike
0-1: Hit by Pitch
Edgar García to second
Batting: RHB Vernon Caw 0-0: Called Strike
0-1: Called Strike
0-2: Ball
1-2: Foul Ball, location: 2F
1-2: Ball
2-2: Strikes out looking
Batting: RHB Abdurahman Paloka 0-0: Called Strike
0-1: Ball
1-1: Fly out, F6 (Popup, 4M)
Bottom of the 3rd over - 0 run(s), 1 hit(s), 0 error(s), 3 left on base; Seattle 2 - Glenburn 1
TOP OF THE 4TH
Seattle Terns batting - Pitching for Glenburn Baboons : RHP Alonso Rodríguez
Batting: SHB Bruce Hunt 0-0: Foul Ball, location: 2F
0-1: Swinging Strike
0-2: Ball
1-2: Strikes out looking
Batting: RHB David Ramírez 0-0: Ball
1-0: DOUBLE (Line Drive, 9LS)
Batting: SHB Michael Smith 0-0: Fly out, F5 (Popup, 5DF)
Batting: RHB Don McCord 0-0: Swinging Strike
0-1: Ground out 6-3 (Groundball, 6MS)
Top of the 4th over - 0 run(s), 1 hit(s), 0 error(s), 1 left on base; Seattle 2 - Glenburn 1
BOTTOM OF THE 4TH
Glenburn Baboons batting - Pitching for Seattle Terns : RHP Jim Unknown
Batting: SHB Fernand Cicarelli 0-0: Ball
1-0: Ground out 1-3 (Groundball, 15S)
Batting: RHB Isaac Downey 0-0: Ball
1-0: Swinging Strike
1-1: Bunt for hit - play at first, batter safe!
Batting: RHB Victor Eveson 0-0: Ball
1-0: Grounds into double play, 6-4-3 (Groundball, 6)
Bottom of the 4th over - 0 run(s), 1 hit(s), 0 error(s), 0 left on base; Seattle 2 - Glenburn 1
TOP OF THE 5TH
Seattle Terns batting - Pitching for Glenburn Baboons : RHP Alonso Rodríguez
Batting: RHB Jack Glenn 0-0: Called Strike
0-1: Ball
1-1: Ball
2-1: Called Strike
2-2: Ball
3-2: Ground out U3 (Groundball, 3S)
Batting: RHB John Huff 0-0: Ball
1-0: Ground out 4-3 (Groundball, 4)
Batting: RHB Hank Kenney 0-0: Ball
1-0: Called Strike
1-1: Foul Ball, location: 2F
1-2: Strikes out swinging
Top of the 5th over - 0 run(s), 0 hit(s), 0 error(s), 0 left on base; Seattle 2 - Glenburn 1
BOTTOM OF THE 5TH
Glenburn Baboons batting - Pitching for Seattle Terns : RHP Jim Unknown
Batting: RHB Jim Unknown 0-0: Called Strike
0-1: Fly out, F4 (Popup, 9S)
Batting: RHB Edgar García 0-0: Called Strike
0-1: Foul Ball, location: 2F
0-2: Ball
1-2: Strikes out looking
Batting: LHB Jim Vaughan 0-0: Ball
1-0: Ball
2-0: Foul Ball, location: 2F
2-1: Called Strike
2-2: Ball
3-2: SINGLE (Flyball, 8RS)
Batting: RHB Ingo van Ham 0-0: Ball
1-0: Called Strike
1-1: Foul Ball, location: 2F
1-2: Foul Ball, location: 2F
1-2: SINGLE (Groundball, 5D)
Jim Vaughan to second
Batting: RHB Vernon Caw 0-0: Called Strike
0-1: SINGLE (Line Drive, 89S)
Jim Vaughan to third
Ingo van Ham to second
Batting: RHB Abdurahman Paloka 0-0: Ball
1-0: Called Strike
1-1: Foul Ball, location: 2F
1-2: Ball
2-2: Fly out, F9 (Flyball, 9M)
Bottom of the 5th over - 0 run(s), 3 hit(s), 0 error(s), 3 left on base; Seattle 2 - Glenburn 1
TOP OF THE 6TH
Seattle Terns batting - Pitching for Glenburn Baboons : RHP Alonso Rodríguez
Batting: RHB Edwin McClung 0-0: Called Strike
0-1: Swinging Strike
0-2: Ball
1-2: Ball
2-2: Strikes out swinging
Batting: RHB Darren Tomlinson 0-0: Ball
1-0: Ball
2-0: Foul Ball, location: 2F
2-1: Foul Ball, location: 2F
2-2: TRIPLE (Flyball, 8LXD)
Batting: SHB Bruce Hunt 0-0: Intentional Walk
Batting: RHB David Ramírez 0-0: Ball
1-0: Called Strike
1-1: Ball
2-1: Foul Ball, location: 2F
2-2: Ball
3-2: Foul Ball, location: 2F
3-2: Fly out, F7 (Flyball, 7M)
Runner from 3rd tags up, SCORES, no throw
Batting: SHB Michael Smith 0-0: Foul Ball, location: 2F
0-1: Fly out, F4 (Popup, 4M)
Top of the 6th over - 1 run(s), 1 hit(s), 0 error(s), 1 left on base; Seattle 3 - Glenburn 1
BOTTOM OF THE 6TH
Glenburn Baboons batting - Pitching for Seattle Terns : RHP Jim Unknown
Batting: SHB Fernand Cicarelli 0-0: Ball
1-0: Called Strike
1-1: Swinging Strike
1-2: Strikes out looking
Batting: RHB Isaac Downey 0-0: Fly out, F7 (Flyball, 78S)
Batting: RHB Victor Eveson 0-0: Fly out, F3 (Popup, 34S)
Bottom of the 6th over - 0 run(s), 0 hit(s), 0 error(s), 0 left on base; Seattle 3 - Glenburn 1
TOP OF THE 7TH
Seattle Terns batting - Pitching for Glenburn Baboons : RHP Alonso Rodríguez
Batting: RHB Don McCord 0-0: Fly out, F9 (Flyball, 89M)
Batting: RHB Jack Glenn 0-0: Foul Ball, location: 2F
0-1: Fly out, F4 (Popup, 4MS)
Batting: RHB John Huff 0-0: Called Strike
0-1: Swinging Strike
0-2: Strikes out swinging
Top of the 7th over - 0 run(s), 0 hit(s), 0 error(s), 0 left on base; Seattle 3 - Glenburn 1
BOTTOM OF THE 7TH
Glenburn Baboons batting - Pitching for Seattle Terns : RHP Jim Unknown
Batting: RHB Jim Unknown 0-0: Fly out, F7 (Line Drive, 7S)
Batting: RHB Edgar García 0-0: Ball
1-0: SINGLE (Line Drive, 78M)
Batting: LHB Jim Vaughan 0-0: SINGLE (Flyball, 7LS)
Edgar García to second
Batting: RHB Ingo van Ham 0-0: Foul Ball, location: 2F
0-1: Foul Ball, location: 2F
0-2: 3-RUN HOME RUN (Flyball, 7D), Distance : 423 ft
Batting: RHB Vernon Caw 0-0: Ball
1-0: Ball
2-0: Foul Ball, location: 2F
2-1: Swinging Strike
2-2: Foul Ball, location: 2F
2-2: Ball
3-2: Strikes out looking
Batting: RHB Abdurahman Paloka 0-0: Fly out, F9 (Line Drive, 9S)
Bottom of the 7th over - 3 run(s), 3 hit(s), 0 error(s), 0 left on base; Seattle 3 - Glenburn 4
TOP OF THE 8TH
Seattle Terns batting - Pitching for Glenburn Baboons : RHP Alonso Rodríguez
Batting: RHB Hank Kenney 0-0: Called Strike
0-1: Swinging Strike
0-2: Ground out U3 (Groundball, 3S)
Batting: RHB Edwin McClung 0-0: Called Strike
0-1: Ball
1-1: Foul Ball, location: 2F
1-2: Ball
2-2: Strikes out looking
Batting: RHB Darren Tomlinson 0-0: Swinging Strike
0-1: Foul Ball, location: 2F
0-2: Ball
1-2: SINGLE (Groundball, 56D)
Pinch Hitting: LHB Gilbert Davis 0-0: Ball
1-0: DOUBLE (Flyball, 78XD)
Darren Tomlinson to third
Runner from 3rd tries for Home, throw and OUT!
Top of the 8th over - 0 run(s), 2 hit(s), 0 error(s), 1 left on base; Seattle 3 - Glenburn 4
BOTTOM OF THE 8TH
Glenburn Baboons batting - Pitching for Seattle Terns : RHP Jim Unknown
Pitching: RHP John Corbin
Now in CF: Jim Unknown
Batting: SHB Fernand Cicarelli 0-0: Ball
1-0: Foul Ball, location: 2F
1-1: Ball
2-1: Ball
3-1: Base on Balls
Batting: RHB Isaac Downey 0-0: Called Strike
0-1: Ball
1-1: Called Strike
1-2: Ball
2-2: Foul Ball, location: 2F
2-2: Strikes out swinging
Pinch Hitting: LHB Manny Guzmán 0-0: Swinging Strike
0-1: Swinging Strike
0-2: Ball
1-2: Ball
2-2: Strikes out swinging
Batting: RHB Jim Unknown 0-0: Ball
1-0: Ball
2-0: Foul Ball, location: 2F
2-1: Foul Ball, location: 2F
2-2: Ball
3-2: Strikes out swinging
Bottom of the 8th over - 0 run(s), 0 hit(s), 0 error(s), 1 left on base; Seattle 3 - Glenburn 4
TOP OF THE 9TH
Seattle Terns batting - Pitching for Glenburn Baboons : RHP Alonso Rodríguez
Pitching: RHP Andrew Hayes
Now in LF: Manny Guzmán
Pinch Hitting: SHB Tom Craft 0-0: Called Strike
0-1: Foul Ball, location: 2F
0-2: Ground out 4-3 (Groundball, 4)
Pinch Hitting: RHB Patrick Samuels 0-0: Swinging Strike
0-1: Called Strike
0-2: Fly out, F8 (Flyball, 8RS)
Pinch Hitting: RHB Tom Escamilla 0-0: Ball
1-0: Ball
2-0: SINGLE (Line Drive, 34D)
Pinch Hitting: RHB Bobby Miller 0-0: Ball
1-0: Foul Ball, location: 2F
1-1: Foul Ball, location: 2F
1-2: SINGLE (Groundball, 4MD)
Tom Escamilla to second
Batting: RHB John Huff 0-0: 3-RUN HOME RUN (Flyball, 78XD), Distance : 462 ft
Pitching: RHP Clint McGreer
Batting: RHB Hank Kenney 0-0: Foul Ball, location: 2F
0-1: Ground out 6-3 (Groundball, 6M)
Top of the 9th over - 3 run(s), 3 hit(s), 0 error(s), 0 left on base; Seattle 6 - Glenburn 4
BOTTOM OF THE 9TH
Glenburn Baboons batting - Pitching for Seattle Terns : RHP John Corbin
Pitching: RHP Jonah Weaver
Now at 1B: Ricardo Sánchez
Now at 2B: Bobby Miller
Now at 3B: Thom Marshall
Now in RF: Tom Escamilla
Batting: RHB Edgar García 0-0: Ball
1-0: Foul Ball, location: 2F
1-1: Foul Ball, location: 2F
1-2: Ball
2-2: SINGLE (Line Drive, 89S)
Batting: LHB Jim Vaughan 0-0: Foul Ball, location: 2F
0-1: Ball
1-1: Ball
2-1: Foul Ball, location: 2F
2-2: Strikes out swinging
Batting: RHB Ingo van Ham 0-0: Foul Ball, location: 2F
0-1: Foul Ball, location: 2F
0-2: Ball
1-2: Strikes out swinging
Batting: RHB Vernon Caw 0-0: Fly out, F7 (Line Drive, 7M)
Bottom of the 9th over - 0 run(s), 1 hit(s), 0 error(s), 1 left on base; Seattle 6 - Glenburn 4
This league is powered by Out of the Park Baseball, the baseball management simulation game for PC, Mac and Linux
Saturday, February 27th, 2021 - OOTP Baseball 15.6 Build 34